 Dungeon Crawl Stone Soup version 0.22.0-60-ga52c2fc (webtiles) character file.

22 marrkus the Sneak (level 2, -1/19 HPs)
             Began as a Vampire Enchanter on Sept 9, 2018.
             Slain by a kobold
             ... wielding a +0 short sword
              (5 damage)
             ... on level 2 of the Dungeon.
             The game lasted 00:03:41 (971 turns).

marrkus the Sneak (Vampire Enchanter)                Turns: 971, Time: 00:03:42

Health: -1/19      AC:  3    Str:  7    XL:     2   Next: 68%
Magic:  5/5        EV: 12    Int: 17    God:
Gold:   11         SH:  0    Dex: 14    Spells: 4/5 levels left

rFire    . . .     SeeInvis +   a - +1 dagger
rCold    . . .     Gourm    .   (no shield)
rNeg     + . .     Faith    .   b - +0 robe
rPois    .         Spirit   .   (no helmet)
rElec    .         Reflect  .   (no cloak)
rCorr    .         Harm     .   j - +0 pair of gloves
MR       .....                  (no boots)
Stlth    +++.......             (no amulet)
HPRegen  0.06/turn              (no ring)
MPRegen  0.09/turn              (no ring)

@: no status effects
A: fangs 3, see invisible, unbreathing
a: no special abilities


You were on level 2 of the Dungeon.
You were not thirsty.

You visited 1 branch of the dungeon, and saw 2 of its levels.

You collected 11 gold pieces.

Inventory:

Hand Weapons
 a - a +1 dagger (weapon)
Missiles
 k - 2 needles of paralysis
 l - 27 stones (quivered)
Armour
 b - a +0 robe (worn)
 j - a +0 pair of gloves (worn)
Jewellery
 h - an uncursed amulet of the gourmand
 m - an uncursed ring of protection from fire {unknown}
Scrolls
 f - a scroll of enchant weapon {unknown}
 i - a scroll of immolation {unknown}
 n - a scroll of blinking {unknown}
Potions
 c - a potion of might {unknown}
 d - 3 potions of blood
 e - a potion of degeneration {unknown}
 g - a potion of lignification {unknown}


   Skills:
 + Level 2.2 Short Blades
 - Level 2.1 Dodging
 + Level 5.3 Stealth
 - Level 2.0 Spellcasting
 - Level 4.4 Hexes


You had 4 spell levels left.
You knew the following spells:

 Your Spells              Type           Power        Failure   Level  Hunger
a - Corona                Hex            ###....      3%          1    #......

Your spell library contained the following spells:

 Spells                   Type           Power        Failure   Level  Hunger
 Confuse                  Hex            ###.....     10%         3    ###....
 Tukima's Dance           Hex            ###.....     10%         3    ###....
 Ensorcelled Hibernation  Hex/Ice        #.....       12%         2    ###....
 Dazzling Spray           Conj/Hex       #.....       24%         3    ###....


Dungeon Overview and Level Annotations

Branches:
Dungeon (2/15)

Altars:


Innate Abilities, Weirdness & Mutations

You have razor-sharp teeth.
You have supernaturally acute eyesight. (SInv)
You can survive without breathing.


Message History

You kill the quokka!
Things that are here:
a jackal corpse x2
Bottle a jackal corpse? [(y)es/(n)o/(a)ll/(q)uit/?]
You bottle the corpse's blood. x2
d - 2 potions of blood (gained 1);
d - 3 potions of blood (gained 1)
You see here a jackal skeleton.
There is an open door here.
You see here a dagger.
You close the door, pushing everything out of the way.
You start resting.
A kobold opens the door.
It is wielding a short sword.
Quiver which item? (- for none, * to show all) (? for menu, Esc to quit)
Okay, then.
The kobold shouts!
You hit the kobold but do no damage. The kobold hits you with a short sword.
* * * LOW HITPOINT WARNING * * *
You hit the kobold but do no damage. The kobold closely misses you.
You barely miss the kobold. The kobold hits you with a short sword.
You die...

.##........#.#
.'...........#####
.######....###...##
.#### ##.#.##.....##
....# #.#.#...)..)#
....####+#.#.......#
....##.....#.......#
.....#.....##.....#
.....#......##..@#
.....#....#..##K#######
######....#....).......
#.................
#.................
##.....###'#######
#.....# ... #....##
.... #.... .....


You could see a kobold.

Vanquished Creatures
  A leopard gecko (D:1)
  5 goblins
  2 hobgoblins
  4 jackals (D:2)
  A quokka (D:2)
  A frilled lizard (D:1)
  4 rats
18 creatures vanquished.

Notes
Turn   | Place    | Note
-------+----------+-------------------------------------------
     0 | D:1      | marrkus the Vampire Enchanter began the quest for the Orb.
     0 | D:1      | Reached XP level 1. HP: 13/13 MP: 3/3
   427 | D:1      | Reached XP level 2. HP: 19/19 MP: 5/5
   529 | D:1      | Reached skill level 5 in Stealth
   971 | D:2      | Slain by a kobold

Skill      XL: |  1  2 |
---------------+-------+-----
Stealth        | 5 |  5.3
Short Blades   | 2 |  2.2
Dodging        | |  2.1
Spellcasting   | |  2.0
Hexes          | |  4.4

Action                   || total
-------------------------++-------
Melee: Dagger            ||    68
       Bite              ||     3
 Stab: Sleeping          ||     2
Armor: Robe              ||     8
Dodge: Dodged            ||    32
